AoeStats
← Haosbot

Black Forest

510256421Analyzed
4v4 RM · 23h ago on Sep 30, 2026· 32m 32s· 8 players
Game mode
Random Map
Map size
Large (8 player)
Population
200
Speed
Normal
Resources
Standard
Victory
Conquest
Starting age
Dark Age
Ending age
Imperial Age
RankedLock teamsTeams togetherTeam positionsShared explorationLock speedFull tech treeHidden civsTurbo modeCheats
Victory
Defeat
🇹🇼 Burgundians · Taiwan
1623
+9
🇹🇼 Persians · Taiwan
1503
+14
🇨🇳 Slavs · China
1489
+15
🇨🇦 Cumans · Canada
1463
+16
🇨🇦 Romans · Canada
1620
-19
🇺🇸 Bulgarians · United States
1522
-16
🇨🇦 Goths · Canada
1440
-13
🇺🇸 Lithuanians · United States
1259
-6
Minomone
8:58 Feudal Age
9:40 Double-Bit Axe
9:53 Horse Collar
13:33 Wheelbarrow
12:45 Town Watch
12:46 Loom
17:45 Gold Mining
18:28 Scale Barding Armor
18:33 Forging
20:46 Castle Age
19:58 Bloodlines
21:47 Bow Saw
22:02 Chain Barding Armor
22:16 Hand Cart
29:12 Heavy Plow
32:05 Imperial Age
29:40 Stone Mining
31:16 Gold Shaft Mining
32:07 Cavalier
33:33 Plate Barding Armor
33:33 Iron Casting
sillyoyo
5:52 Loom
7:20 Double-Bit Axe
9:08 Feudal Age
11:25 Bow Saw
19:35 Horse Collar
21:03 Fletching
24:05 Castle Age
22:56 Town Watch
24:12 Pikeman
26:01 Two-Man Saw
26:25 Scale Mail Armor
28:49 Squires
Haosbot
6:28 Loom
9:06 Feudal Age
9:31 Double-Bit Axe
10:41 Horse Collar
14:06 Scale Barding Armor
15:23 Forging
17:19 Bloodlines
22:20 Castle Age
23:11 Chain Barding Armor
22:24 Light Cavalry
23:04 Husbandry
24:27 Bow Saw
29:13 Heavy Plow
32:24 Wheelbarrow
31:40 Gold Mining
不西西
6:11 Loom
9:08 Feudal Age
9:52 Man-at-Arms
12:24 Double-Bit Axe
14:36 Scale Mail Armor
24:10 Horse Collar
28:22 Castle Age
27:48 Gold Mining
28:24 Long Swordsman
29:23 Chain Mail Armor
30:58 Squires
30:29 Pikeman
Hebron
7:03 Loom
9:16 Feudal Age
12:08 Double-Bit Axe
14:07 Horse Collar
22:29 Castle Age
26:13 Bow Saw
26:06 Heavy Plow
27:48 Wheelbarrow
29:08 Fletching
32:06 Scale Mail Armor
32:17 Forging
BurgeeBoy
7:22 Loom
10:17 Feudal Age
11:04 Double-Bit Axe
11:33 Horse Collar
20:05 Castle Age
19:26 Scale Barding Armor
19:32 Forging
21:50 Chain Barding Armor
22:25 Bloodlines
22:22 Husbandry
21:59 Light Cavalry
22:42 Husbandry
29:12 Iron Casting
randy pan
8:44 Loom
10:42 Feudal Age
15:15 Castle Age
13:08 Double-Bit Axe
13:10 Horse Collar
14:38 Forging
15:03 Bloodlines
15:51 Scale Barding Armor
24:57 Town Watch
27:03 Wheelbarrow
30:07 Iron Casting
Squittlez
0:34 Loom
11:05 Feudal Age
11:23 Man-at-Arms
13:51 Double-Bit Axe
21:18 Wheelbarrow
24:25 Castle Age
24:44 Long Swordsman
25:25 Scale Mail Armor
Connection lost

Rejoining the realm…

Still unreachable

The connection could not be restored.

Session expired

The server has moved on; the page needs a fresh start.